[Event "61st Mongolian-ch Open 2023"]
[Site "Khovd"]
[Date "2023.05.29"]
[Round "10.6"]
[White "Amartuvshin, Ganzorig"]
[Black "Bilguun, Sumiya"]
[Result "1-0"]
[ECO "D31"]
[WhiteElo "2407"]
[BlackElo "2474"]
[Annotator "TA"]
[PlyCount "81"]
[EventDate "2023.05.22"]
[EventType "tourn"]
[EventCountry "MGL"]
[SourceTitle "playchess.com"]
[Source "ChessBase"]
[SourceQuality "1"]
[TimeControl "40/5400+30:1800+30"]

1. d4 d5 2. c4 e6 3. Nc3 c6 4. e4 dxe4 5. Nxe4 Bb4+ 6. Bd2 Qxd4 7. Bxb4 Qxe4+ 8. Be2 Na6 9. Ba5 b6 {[%emt 0:03:48] D31: Queen's Gambit Declined: Semi-Slav without ...Nf6 (+ Marshall Gambit and Noteboom) and Exchange Variation lines without ...Nf6.} (9... Qxg2 $2 10. Qd8#) 10. Qd6 $1 {[%emt 0:01:10] Black must now prevent Bc3.} Bd7 $1 (10... bxa5 11. Rd1 f6 12. f3 $16) (10... Ne7 $2 11. O-O-O O-O 12. Qxe7 $18) 11. Bc3 f6 $1 {[%emt 0:08:05] The position is equal.} 12. Rd1 $40 {[%emt 0:17:08][%mdl 128] Against e5. Black needs to defend precisely.} O-O-O 13. Qa3 $1 Kb7 14. Nf3 {[%emt 0:00:39] Strongly threatening Nd4.} Nh6 (14... e5 $1 $11) 15. Qe7 {[%emt 0:04:53][%csl LRd7,LRg7] [#] White is more active.} (15. c5 $5 Nc7 16. Rd4 $11) 15... Kc8 $146 (15... Nc5 $14 16. Qxg7 Ng4) ({Predecessor:} 15... Nf5 16. Rxd7+ Kc8 17. Nd2 Nxe7 18. Rxd8+ Rxd8 19. Nxe4 {1-0 Hopman,P (2335)-Neuhoff,L (2029) Bad Woerishofen op 38th 2023 (1)}) 16. Qxg7 $18 Ng4 {[%emt 0:02:29] Black is weak on the dark squares} (16... Nf5 {was called for.} 17. Qxf6 Rhg8) 17. h3 $1 (17. Bxf6 Rhg8 18. Qe7 Nxf6 19. Qxf6 Rxg2 $11) 17... Rhg8 {[%emt 0:05:15] [#]} 18. Qf7 Ne5 (18... Rgf8 19. Qh5 Ne5) 19. Nxe5 {[%emt 0:00:33][%mdl 64] Remove Defender} (19. Qxf6 Nxf3+ 20. Qxf3 Nc5 $16) 19... fxe5 {[%emt 0:00:44] [#]} 20. Rxd7 $1 {[%emt 0:00:25][%mdl 576] Deflection} Nc5 21. Rxd8+ (21. Rxa7 $2 Qb1+) (21. Qxh7 Rxd7 22. Qxe4 (22. Qxg8+ $2 Rd8 $19) 22... Nxe4 $14) 21... Rxd8 22. Kf1 (22. Qxa7 $2 Qb1+) 22... Qb1+ 23. Be1 e4 24. g3 (24. Qxh7 Nd3 25. Bxd3 exd3 $18) 24... Nd3 (24... Rd7 $142 25. Qf6 Nd3) 25. Qxe6+ Kc7 26. Bxd3 Qxd3+ 27. Kg2 Qf3+ {[%emt 0:00:21] [#]} 28. Kh2 $1 Rd2 29. Qe5+ (29. Bxd2 $2 Qxf2#) 29... Kb7 {[%emt 0:00:31] ( -> ...Rxf2+)} 30. Qf4 (30. Bxd2 $2 Qxf2#) 30... Rxb2 31. Qxf3 exf3 {[%emt 0:00:01][%mdl 4096] Endgame KRB-KR} 32. g4 Rxa2 33. Kg3 Ra1 34. h4 a5 35. g5 a4 36. h5 {[%emt 0:00:13][%cal Og5g6] White threatens g6! and mate.} a3 37. g6 {[%emt 0:00:15] White mates.} ({Less strong is} 37. Kxf3 a2 38. g6 Rb1 $18) 37... hxg6 38. h6 (38. Kxf3 gxh5 39. Kg2 Rb1 $15) 38... a2 39. h7 ({Worse is} 39. Kxf3 Rc1 40. h7 a1=Q $17) 39... Rd1 40. h8=Q a1=Q 41. Rh7+ {[%emt 0:00:17] Black got outplayed after the opening. A cool game by Amartuvshin.   Weighted Error Value: White=0.09 (flawless) /Black=0.54} ({Inferior is} 41. Kxf3 Qxh8 42. Rxh8 Rxe1 $17) 1-0

[Event "61st Mongolian-ch Open 2023"]
[Site "Khovd"]
[Date "2023.05.30"]
[Round "11.1"]
[White "Bulgankhan Ganzorig"]
[Black "Ulziikhishig Khishigbat"]
[Result "1-0"]
[ECO "E28"]
[WhiteElo "2017"]
[BlackElo "1601"]
[Annotator "RC"]
[PlyCount "81"]
[EventDate "2023.05.22"]
[EventType "tourn"]
[EventCountry "MGL"]
[SourceTitle "playchess.com"]
[Source "ChessBase"]
[SourceQuality "1"]
[TimeControl "40/5400+30:1800+30"]

1. d4 Nf6 2. c4 e6 3. Nc3 Bb4 4. a3 Bxc3+ 5. bxc3 d6 6. e3 O-O 7. Bd3 b6 8. Ne2 Bb7 9. f3 c5 10. e4 e5 11. d5 Ne8 12. O-O g6 13. a4 Nd7 14. a5 bxa5 15. Qa4 Kg7 16. Qxa5 Qxa5 17. Rxa5 Nb6 18. f4 Nd7 19. g3 Nc7 20. Be3 Rfb8 21. Rfa1 exf4 22. gxf4 Re8 23. Rxa7 Rxa7 24. Rxa7 Rb8 25. Bc2 Ne8 26. Ba4 Nef6 27. Ng3 h5 28. e5 dxe5 29. Bxd7 Nxd7 30. fxe5 Nxe5 31. Bf4 f6 32. Bxe5 fxe5 33. Ne4 Kh6 34. h4 Bc8 35. Ng5 Rb7 36. Rxb7 Bxb7 37. d6 Bc8 38. Nf7+ Kg7 39. Nxe5 Kf6 40. d7 Bxd7 41. Nxd7+ 1-0

[Event "61st Mongolian-ch Open 2023"]
[Site "Khovd"]
[Date "2023.05.30"]
[Round "11.2"]
[White "Amilal Munkhdalai"]
[Black "Erdene, Ganzorig"]
[Result "1-0"]
[ECO "B15"]
[WhiteElo "2141"]
[BlackElo "2278"]
[Annotator "TA"]
[PlyCount "127"]
[EventDate "2023.05.22"]
[EventType "tourn"]
[EventCountry "MGL"]
[SourceTitle "playchess.com"]
[Source "ChessBase"]
[SourceQuality "1"]
[TimeControl "40/5400+30:1800+30"]

1. e4 c6 2. Nc3 d5 3. Nf3 g6 4. h3 Bg7 5. d4 dxe4 6. Nxe4 Nd7 7. Bd3 Ngf6 8. Nxf6+ Nxf6 9. O-O O-O 10. Qe2 {[%emt 0:00:44] B15: Caro-Kann: 3 Nc3: 3...g6 and 3...dxe4 4 Nxe4 Nf6 5 Nxf6+ exf6.} Qd6 11. Re1 Nd5 12. c4 {[%emt 0:12:50] White is slightly better.} Nb4 13. Bb1 (13. Qxe7 $2 Qxe7 14. Rxe7 Nxd3 $19) 13... c5 {[%emt 0:00:59] [#]} 14. dxc5 $146 (14. Qxe7 Qxe7 15. Rxe7 cxd4 $11) ({Predecessor:} 14. Bg5 e6 15. a3 Nc6 16. dxc5 Qxc5 17. b4 Nd4 18. Nxd4 Qxg5 19. Nf3 {½-½ Naiditsch,A (2623)-Minasian,A (2586) Moscow Aeroflot op-A 2005 (7)}) 14... Qxc5 15. Be3 (15. Qxe7 Qxe7 16. Rxe7 Rd8 $11) 15... Qh5 16. a3 Na6 (16... Nc6 $14) 17. Bd3 (17. Be4 $16) 17... Nc5 $14 18. Rad1 {[%emt 0:02:01] next Bc2 is good for White.} Nxd3 19. Rxd3 e5 {[%emt 0:03:37] Inhibits Bd4.} 20. Rd6 {[%emt 0:18:57] Black is weak on the dark squares} Be6 21. b3 h6 22. Bc1 Rfd8 23. Red1 Rxd6 24. Rxd6 Qf5 {[%emt 0:00:58] Inhibits Qe4.} 25. Bb2 Re8 26. Bxe5 Bc8 (26... Bxc4 $5 27. Qxc4 Bxe5 28. Nxe5 Rxe5 29. Rd8+ Kh7 $11) 27. g4 $1 Qb1+ 28. Qd1 $1 Qxd1+ 29. Rxd1 Bf8 30. Bd6 Bg7 31. Be5 {[%emt 0:00:36][%mdl 64] [#] Deflection} Bf8 ({Resist} 31... Bxe5 32. Nxe5 Kg7 33. Rd5 $16) 32. Bd6 (32. Bb2 $14) 32... Rd8 33. c5 Bg7 34. Kg2 {[%emt 0:06:37] White is more active.} Be6 35. Rd3 a6 36. Nd2 f5 37. f3 fxg4 38. fxg4 Bd7 39. Nc4 Bc6+ 40. Kg3 Re8 41. Na5 Bh1 42. Kf2 Be4 43. Rd1 Bc3 44. b4 Bc2 {[%emt 0:02:25] This pair of bishops is nice.} 45. Rd5 Be4 46. Rd1 Re6 47. Bf4 g5 48. Rd8+ Kf7 $1 49. Be3 Ke7 50. Rc8 Kd7 51. Rf8 Rf6+ 52. Rxf6 Bxf6 $11 {[%emt 0:00:05][%mdl 4096] Endgame KBB-KBN} 53. Nc4 Kc6 54. Nd6 Bg6 55. Kf3 Bb2 56. a4 b5 {[%emt 0:00:08] [#] This costs Black the game.} (56... Bc2 $14) 57. axb5+ $1 $18 axb5 58. Nf5 {[%emt 0:01:51] Hoping for Ne7+.} Bf6 {[%emt 0:06:33] Dodges Ne7+} 59. Nxh6 {[%emt 0:00:51] aiming for Ng8.} Kd5 (59... Bc3 $142 60. Nf5 (60. Bxg5 Bxb4 61. h4 Bc2 $16) 60... Bf7 61. Nd4+ (61. Bxg5 Bxb4 62. Ke4 Bd5+ 63. Kd4 Bxc5+ 64. Ke5 Bf3 $16) 61... Kd5) 60. Nf5 Be8 61. Ke2 {[%emt 0:02:05] Nd6 would be deadly.} Bd7 $2 (61... Bc6 {is a better defense.} 62. Kd3 Ke6) 62. Kd3 Bc8 $2 (62... Be8 63. Bd2 Bd7) 63. Nd6 Bd7 64. Ne4 {[%emt 0:00:07] Weighted Error Value: White=0.10 (very precise) /Black=0.20 (precise)} 1-0

[Event "61st Mongolian-ch Open 2023"]
[Site "Khovd"]
[Date "2023.05.30"]
[Round "11.3"]
[White "Chinguun, Sumiya"]
[Black "Enkhnar, Enkhbaatar"]
[Result "1-0"]
[ECO "B23"]
[WhiteElo "2298"]
[BlackElo "2360"]
[Annotator "TA"]
[PlyCount "69"]
[EventDate "2023.05.22"]
[EventType "tourn"]
[EventCountry "MGL"]
[SourceTitle "playchess.com"]
[Source "ChessBase"]
[SourceQuality "1"]
[TimeControl "40/5400+30:1800+30"]

1. e4 c5 2. Nc3 d6 3. f4 g6 4. Bc4 Bg7 5. Nf3 e6 6. d4 cxd4 7. Nxd4 {[%emt 0:00:07] Ndb5 would be deadly.} a6 {[%emt 0:00:23] Dodges Ndb5. B23: Closed Sicilian: Lines without g3.} 8. a4 (8. O-O $5 ) 8... Qb6 {[%emt 0:03:16] [#]} 9. Nf3 $146 ({Predecessor:} 9. Nb3 Ne7 10. Qe2 Nd7 11. Be3 Qc7 12. a5 O-O 13. O-O d5 14. exd5 exd5 15. Bd3 {1-0 Grigorov,J (2375)-Giffard,N (2405) Cannes op 18th 1997 (2)}) 9... Ne7 {[%emt 0:02:21] The position is equal.} 10. a5 Qc7 11. Bd3 Nd7 (11... Nbc6 $5) 12. O-O Nc5 13. Be3 O-O 14. Qe1 Nc6 15. Kh1 (15. Na4 $14) 15... Nxd3 16. cxd3 Nxa5 {[%emt 0:00:51] [#]} 17. f5 Nc6 $1 $15 (17... exf5 $2 18. Nd5 Qc2 19. Qxa5 $18) (17... gxf5 18. exf5 Nc6 19. Qg3 $14) 18. Nh4 Qd8 19. g4 $2 (19. Qg3 $1 $11 {and White is okay.}) 19... d5 $2 ({Black should try} 19... Nb4 $19 {White must now prevent ...Nc2.} 20. g5 exf5 21. exf5 Nc2 {[%mdl 64] Deflection, Double Attack}) 20. Bc5 Re8 $36 {[%emt 0:01:01][%mdl 2048] Threatens to win with ...exf5. Black is pushing.} 21. Qf2 {[%emt 0:00:16] And now fxg6 would win.} exf5 (21... Ne5 $5 22. fxg6 fxg6 $15) 22. Nxd5 $2 ({White should play} 22. gxf5 $15 Ne5 23. Rad1 (23. Nxd5 $2 Nxd3 {[%mdl 64] Discovered Attack, Double Attack} 24. Qe3 Nxc5 $19) (23. fxg6 fxg6 24. Bb6 Qd7 $15)) 22... Be6 ({And not} 22... fxe4 23. Qxf7+ (23. dxe4 Be6 $17) (23. Nb6 $2 Rb8 $19) 23... Kh8 24. Nc7 $17) 23. Nb6 fxe4 ({Not} 23... Qxd3 24. Nxa8 Qxe4+ 25. Qg2 Rxa8 26. gxf5 Qxg2+ 27. Kxg2 Bd5+ 28. Kh3 $17) 24. Nxa8 Qxa8 25. dxe4 Ne5 26. h3 {[%emt 0:00:41] [#]} (26. Bd4 $142) 26... b6 $1 {[%emt 0:00:54][%mdl 576] Discovered Attack} 27. Bxb6 Qxe4+ 28. Ng2 {[%emt 0:00:17] White is weak on the light squares} Nc4 $2 (28... Bc4 $19 29. Ba5 Bxf1 30. Rxf1 Qd5) 29. Rae1 $11 Qd5 30. Rd1 $1 Qb5 31. Bd4 Qb3 $2 (31... Ne5 $11 {and Black has nothing to worry.}) 32. Bxg7 $18 Qxh3+ (32... Kxg7 33. Qf6+ Kg8) 33. Kg1 {[%emt 0:00:06] Hoping for Bc3. White is clearly winning.} Qxg4 34. Bc3 {[%emt 0:00:22] Threatening mate with Qf6.} Bf5 35. Rd4 {[%emt 0:00:13] Artfully played by Chinguun.   Weighted Error Value: White=0.33/Black=0.58} 1-0

[Event "61st Mongolian-ch Open 2023"]
[Site "Khovd"]
[Date "2023.05.30"]
[Round "11.5"]
[White "Munguntuul, Batkhuyag"]
[Black "Amartuvshin, Ganzorig"]
[Result "1/2-1/2"]
[ECO "B46"]
[WhiteElo "2408"]
[BlackElo "2407"]
[Annotator "TA"]
[PlyCount "106"]
[EventDate "2023.05.22"]
[EventType "tourn"]
[EventCountry "MGL"]
[SourceTitle "playchess.com"]
[Source "ChessBase"]
[SourceQuality "1"]
[TimeControl "40/5400+30:1800+30"]

1. e4 c5 2. Nf3 e6 3. d4 cxd4 4. Nxd4 Nc6 5. Nc3 a6 6. Nxc6 bxc6 7. Bd3 d5 8. Qe2 Nf6 9. O-O Be7 10. b3 O-O 11. Bb2 Bb7 12. Rae1 {[%emt 0:06:31] B46: Sicilian: Taimanov: 5 Nc3 a6.} Qc7 13. f4 {[%emt 0:03:39] [#]} d4 $146 (13... Rfe8 $11) ({Predecessor:} 13... Rfe8 14. Rf3 c5 15. Kh1 g6 16. e5 Nd7 17. Rh3 Bf8 18. Nd1 c4 19. bxc4 dxc4 20. Bxc4 Nc5 21. Ne3 h5 {½-½ Pichot,A (2544)-Bosiocic,M (2591) Wch Rapid Doha 2016 (12)}) 14. Nb1 {[%emt 0:06:23] White is slightly better.} (14. Na4 $5 ) 14... c5 15. Nd2 Nd7 16. Nc4 Nb6 17. Bc1 Nxc4 18. Bxc4 Qd8 (18... Bh4 $11) 19. Rf3 g6 {[%emt 0:02:11] [#]} 20. Rh3 $1 Kg7 {[%emt 0:03:34] [#]} 21. f5 $1 Bg5 {[%emt 0:00:40] Inhibits Qd2.} 22. fxe6 {[%emt 0:00:15] White is more active.} (22. Qg4 $16 h6 23. Rg3 (23. fxe6 fxe6 24. Rg3 Qf6 $14)) 22... fxe6 $11 23. Bxe6 Bxc1 $1 24. Rxc1 Qe7 {[%emt 0:18:49] [#]} (24... Qg5 $11 25. Rf1 Qe7 26. Rxf8 Rxf8) 25. Qd2 $1 $14 {[%emt 0:08:30] Strongly threatening Qh6+.} h5 26. Bd5 (26. Bc4 $1 $14) 26... Bxd5 $11 27. exd5 Rf5 28. c3 Rxd5 29. cxd4 cxd4 (29... Rad8 {is more complex.} 30. Re1 Qf6 31. Rf3 Qxd4+ 32. Qf2 a5) 30. Rd3 Qd6 31. Rd1 Rd8 (31... Re8 {is interesting.} 32. Rf1 Re4 33. Rdf3 Qe7) 32. b4 Qb6 33. h3 R8d7 34. Kh1 g5 35. a3 (35. Rf1 {looks sharper.} Qd6 36. Rdf3 g4 37. Rf4) 35... Qe6 36. Re1 (36. Rf1 {feels hotter.} Qe5 37. Qf2 Qe7 38. Qf3) 36... Qg6 37. Rd1 g4 38. Qf4 Rf7 39. Qg3 Qf6 (39... gxh3 $11 40. Qxg6+ Kxg6) 40. hxg4 $16 h4 41. Qe1 Re7 {[%emt 0:04:56][%cal Bf7e7,Be7e4,Be4g4,Bg4g3][%mdl 32] Against Qe4} 42. Qf1 ({Better is} 42. Qd2 $16) 42... Qxf1+ $11 {[%emt 0:01:23] The position is equal.} 43. Rxf1 {[%emt 0:00:01][%mdl 4096] Endgame KRR-KRR} Re4 44. a4 Rxg4 45. Rb1 Rg3 46. Rd2 Kf6 47. b5 axb5 48. axb5 Ke5 49. b6 Rg8 50. b7 Rb8 51. Re1+ Kd6 52. Red1 Ke5 53. Re1+ Kd6 {[%emt 0:01:37] Weighted Error Value: White=0.17 (very precise) /Black=0.14 (very precise)} 1/2-1/2

[Event "61st Mongolian-ch Open 2023"]
[Site "Khovd"]
[Date "2023.05.30"]
[Round "11.6"]
[White "Bilguun, Sumiya"]
[Black "Gan-Erdene, Sugar"]
[Result "0-1"]
[ECO "B23"]
[WhiteElo "2474"]
[BlackElo "2420"]
[Annotator "TA"]
[PlyCount "118"]
[EventDate "2023.05.22"]
[EventType "tourn"]
[EventCountry "MGL"]
[SourceTitle "playchess.com"]
[Source "ChessBase"]
[SourceQuality "1"]
[TimeControl "40/5400+30:1800+30"]

1. e4 c5 2. Nc3 Nc6 3. Bb5 Nd4 4. Nf3 a6 5. Bd3 g6 6. b4 {[%emt 0:02:08] B23: Closed Sicilian: Lines without g3.} Nxf3+ 7. Qxf3 cxb4 8. Nd5 {[%emt 0:00:06][%cal Oc1b2] [#] And now Bb2! would win. The position is equal.} Bg7 {[%emt 0:00:06] Inhibits Bb2.} 9. Rb1 e6 10. Ne3 (10. Nxb4 $2 a5 11. Nd5 exd5 $19) 10... Ne7 11. Rxb4 O-O {[%emt 0:06:06] [#]} 12. Bb2 $146 ({Predecessor:} 12. Rb1 d5 13. Ba3 Re8 14. O-O Nc6 15. exd5 Ne5 16. Qe4 exd5 17. Qxd5 Nxd3 18. Qxd3 Qxd3 19. cxd3 {½-½ Sukandar,I (2399)-Espinosa,P (2116) Chesterfield SPICE Cup op 2022 (6)}) 12... e5 (12... d5 $5 ) 13. O-O d6 14. Bc3 b5 15. a4 Nc6 16. Rb2 bxa4 17. Ra1 Bd7 18. Nc4 Rb8 19. Nxd6 Nd4 20. Qg3 Bc6 21. Rxb8 Qxb8 22. Bxd4 Qxd6 23. Bb2 Rb8 24. Bc3 (24. Ba3 $1 $11 {keeps the balance.} Qd4 25. c3) 24... Bb5 25. h4 h5 26. Qf3 a3 27. Qe3 Rb7 28. g3 Kh7 29. Kg2 Bh6 {[%emt 0:00:41] Repels f4} 30. Qe2 Bf8 31. Qe3 Qe6 32. f4 {[%emt 0:00:22] [#]} Bxd3 (32... exf4 $1 $17 33. Qxf4 (33. Qd4 f3+ 34. Kxf3 f6 $17) 33... Rd7) 33. cxd3 $15 a2 ({Black should play} 33... exf4 $15 34. Qd4 f3+ 35. Kxf3 f6) 34. fxe5 $2 {[%emt 0:03:04][%mdl 8192] Black continues to play with concentration.} (34. f5 $11 {and White stays safe.} Qb3 35. Qg5 (35. Bxe5 Rd7 $11)) 34... Rb1 $19 35. Qd4 {[%emt 0:00:45] Against Bb4} (35. Qf3 $142 Bg7 36. d4) 35... Qg4 {[%emt 0:01:47] ( -> ...Qd1)} 36. e6 Qe2+ (36... fxe6 $2 37. Qh8#) 37. Qf2 Qxf2+ (37... Qxd3 $2 {gets mated.} 38. Qxf7+ Kh6 39. Qxf8+ Kh7 40. Qh8#) 38. Kxf2 Rxa1 ({Don't do} 38... fxe6 39. Rxa2 Rb6 40. d4 $18) 39. Bxa1 (39. e7 Bxe7 40. Bxa1) 39... fxe6 {[%emt 0:00:06][%mdl 4096] Endgame KB-KB. Black is clearly winning.} 40. d4 Bb4 41. Ke3 Kg8 42. Kd3 Kf7 43. Bb2 Ke7 {[%emt 0:00:29] ...Bd6 is the strong threat.} 44. Kc2 Kd7 {[%emt 0:00:32] aiming for ...Bd6.} 45. Kd3 Bd6 46. e5 Bb4 47. Ba1 Kc6 48. Bb2 Kd5 49. Ba1 a5 50. Bb2 a4 51. Ba1 a3 52. Ke3 Kc4 {[%emt 0:00:11] Hoping for ...Kb3.} 53. Ke2 Ba5 54. Ke3 Kb3 (54... Bb6 $142 55. Ke4 Bd8) 55. Kd3 Bb4 56. d5 exd5 57. e6 Bc5 58. Bc3 Ka4 {[%emt 0:02:10] White must now prevent ...Kb5.} 59. Bd4 Kb5 {[%emt 0:00:51] Weighted Error Value: White=0.75/Black=0.27 (precise)} ({Weaker is} 59... Bxd4 60. e7 $11) 0-1